MLB
TORONTO BLUE JAYS @ BOSTON RED SOX
08/13/2044
 
TOP OF THE 1ST
Toronto Blue Jays batting - Pitching for Boston Red Sox : RHP Justin Stinson
Pitching: RHP Justin Stinson
Batting: LHB Jon Schick 0-0: Called Strike
0-1: Ball
1-1: Called Strike
1-2: Ball
2-2: Ball
3-2: Foul Ball, location: 2F
3-2: Strikes out swinging
Batting: LHB Gabe White 0-0: Ball
1-0: Called Strike
1-1: Ball
2-1: Called Strike
2-2: Ball
3-2: Base on Balls
Batting: SHB Zory Larikov 0-0: Foul Ball, location: 2F
0-1: Swinging Strike
0-2: Ball
1-2: Fly out, F4 (Flyball, 4D, EV 85.6 MPH)
Batting: RHB Ruben Velasco 0-0: Ball
Gabe White steals 2nd, throwing error, E2
Gabe White to third
1-0: Swinging Strike
1-1: Fly out, F4 (Popup, 4MS, EV 73.8 MPH)
Top of the 1st over - 0 runs, 0 hits, 1 error, 1 left on base; Toronto 0 - Boston 0
BOTTOM OF THE 1ST
Boston Red Sox batting - Pitching for Toronto Blue Jays : RHP Matt Altieri
Pitching: RHP Matt Altieri
Batting: SHB Robbie Rogers 0-0: Called Strike
0-1: Ball
1-1: Ball
2-1: Ground out 6-3 (Groundball, 6, EV 78.8 MPH)
Batting: LHB Kevin McCormic Jr. 0-0: Called Strike
0-1: Foul Ball, location: 2F
0-2: Foul Ball, location: 2F
0-2: Strikes out swinging
Batting: SHB Rich Chavez 0-0: Ball
1-0: Swinging Strike
1-1: Ball
2-1: DOUBLE (Line Drive, 89D, EV 100.0 MPH)
Batting: LHB Ernesto Cedillos 0-0: Called Strike
0-1: Ball
1-1: Ball
2-1: Swinging Strike
2-2: Ball
3-2: Base on Balls
Batting: LHB Brian Gray 0-0: Ball
1-0: Called Strike
1-1: Called Strike
1-2: Strikes out looking
Bottom of the 1st over - 0 runs, 1 hit, 0 errors, 2 left on base; Toronto 0 - Boston 0
TOP OF THE 2ND
Toronto Blue Jays batting - Pitching for Boston Red Sox : RHP Justin Stinson
Batting: RHB Kirk Arp 0-0: Ball
1-0: Fly out, F8 (Line Drive, 8RM, EV 91.9 MPH)
Batting: RHB Shigem Kubo 0-0: Ball
1-0: Fly out, F8 (Flyball, 8LXD, EV 96.2 MPH)
Batting: RHB Adam Burke 0-0: Ball
1-0: Fly out, F8 (Flyball, 8LD, EV 103.1 MPH)
Top of the 2nd over - 0 runs, 0 hits, 0 errors, 0 left on base; Toronto 0 - Boston 0
BOTTOM OF THE 2ND
Boston Red Sox batting - Pitching for Toronto Blue Jays : RHP Matt Altieri
Batting: RHB Nick Esteves 0-0: Ball
1-0: Ball
2-0: SINGLE (Groundball, 4MD, EV 94.4 MPH)
Batting: LHB John Bailey 0-0: Called Strike
0-1: Ball
1-1: Ball
2-1: DOUBLE (Line Drive, 78M, EV 104.4 MPH)
Nick Esteves to third
Batting: RHB Won-jun Park 0-0: Ball
1-0: Called Strike
1-1: Ground out 6-3 (Groundball, 56, EV 81.9 MPH)
Nick Esteves scores
Batting: RHB Brandon Perris 0-0: Fly out, F8 (Line Drive, 8LM, EV 100.0 MPH)
Batting: SHB Robbie Rogers 0-0: Ball
1-0: Ball
2-0: SINGLE (Groundball, 23, EV 72.5 MPH) (infield hit)
John Bailey to third
Batting: LHB Kevin McCormic Jr. 0-0: Ball
1-0: Ball
2-0: Swinging Strike
2-1: SINGLE (Groundball, 4MD, EV 103.1 MPH)
John Bailey scores
Robbie Rogers to second
Batting: SHB Rich Chavez 0-0: Swinging Strike
0-1: Ball
1-1: Ball
2-1: Foul Ball, location: 2F
2-2: Ball
3-2: Fly out, F8 (Flyball, 8LM, EV 91.2 MPH)
Bottom of the 2nd over - 2 runs, 4 hits, 0 errors, 2 left on base; Toronto 0 - Boston 2
TOP OF THE 3RD
Toronto Blue Jays batting - Pitching for Boston Red Sox : RHP Justin Stinson
Batting: LHB Isto Mäyrä 0-0: Ball
1-0: Ball
2-0: Ground out 3-1 (Groundball, 34S, EV 86.9 MPH)
Batting: RHB Cole Zelinski 0-0: Called Strike
0-1: Ball
1-1: Ball
2-1: Ball
3-1: Base on Balls
Batting: LHB Jon Schick 0-0: Ball
Wild Pitch!
Cole Zelinski to second
1-0: Ground out 6-3 (Groundball, 6M, EV 100.0 MPH)
Cole Zelinski to third
Batting: LHB Gabe White 0-0: Called Strike
0-1: Ball
1-1: Ball
2-1: Ball
3-1: Foul Ball, location: 2F
3-2: Fly out, F9 (Flyball, 89XD, EV 97.5 MPH)
Top of the 3rd over - 0 runs, 0 hits, 0 errors, 1 left on base; Toronto 0 - Boston 2
BOTTOM OF THE 3RD
Boston Red Sox batting - Pitching for Toronto Blue Jays : RHP Matt Altieri
Batting: LHB Ernesto Cedillos 0-0: DOUBLE (Flyball, 78D, EV 97.5 MPH)
Batting: LHB Brian Gray 0-0: Ground out 6-3 (Groundball, 6M, EV 103.1 MPH)
Ernesto Cedillos to third
Batting: RHB Nick Esteves 0-0: Called Strike
0-1: Foul Ball, location: 2F
0-2: Strikes out swinging
Batting: LHB John Bailey 0-0: Foul Ball, location: 2F
0-1: Ball
1-1: Ball
2-1: Ball
3-1: DOUBLE (Flyball, 78D, EV 111.2 MPH)
Ernesto Cedillos scores
Batting: RHB Won-jun Park 0-0: Ball
1-0: Called Strike
1-1: Ball
2-1: Foul Ball, location: 2F
2-2: Ball
3-2: DOUBLE (Line Drive, 7LM, EV 111.9 MPH)
John Bailey scores
Batting: RHB Brandon Perris 0-0: Called Strike
0-1: SINGLE (Groundball, 4MD, EV 97.5 MPH)
Won-jun Park to third
Runner from 3rd tries for Home, SAFE, throw by CF to home
Pitching: LHP Jon Valdovinos
Batting: SHB Robbie Rogers 0-0: Ground out U3 (Groundball, 34S, EV 90.6 MPH)
Bottom of the 3rd over - 3 runs, 4 hits, 0 errors, 1 left on base; Toronto 0 - Boston 5
TOP OF THE 4TH
Toronto Blue Jays batting - Pitching for Boston Red Sox : RHP Justin Stinson
Batting: SHB Zory Larikov 0-0: Foul Ball, location: 2F
0-1: Foul Ball, location: 2F
0-2: Ball
1-2: Foul Ball, location: 2F
1-2: DOUBLE (Line Drive, 89D, EV 108.8 MPH)
Batting: RHB Ruben Velasco 0-0: Ball
1-0: Called Strike
1-1: Ball
2-1: Ball
3-1: Base on Balls
Batting: RHB Kirk Arp 0-0: Ball
1-0: Ball
2-0: Called Strike
2-1: Foul Ball, location: 2F
2-2: Ball
3-2: Base on Balls
Zory Larikov to third
Ruben Velasco to second
Batting: RHB Shigem Kubo 0-0: Called Strike
0-1: Swinging Strike
0-2: Ball
1-2: Strikes out swinging
Batting: RHB Adam Burke 0-0: Ball
1-0: Ball
2-0: Ball
3-0: Called Strike
3-1: Base on Balls
Zory Larikov scores
Ruben Velasco to third
Kirk Arp to second
Batting: LHB Isto Mäyrä 0-0: SINGLE (Line Drive, 34D, EV 99.4 MPH)
Ruben Velasco scores
Kirk Arp to third
Adam Burke to second
Batting: RHB Cole Zelinski 0-0: Ball
1-0: SINGLE (Flyball, 6D, EV 97.5 MPH)
Kirk Arp scores
Adam Burke to third
Isto Mäyrä to second
Batting: LHB Jon Schick 0-0: Ball
1-0: Called Strike
1-1: Called Strike
1-2: Foul Ball, location: 2F
1-2: Ball
2-2: Strikes out swinging
Batting: LHB Gabe White 0-0: Ball
1-0: Ball
2-0: Ball
3-0: Called Strike
3-1: Base on Balls
Adam Burke scores
Isto Mäyrä to third
Cole Zelinski to second
Batting: SHB Zory Larikov 0-0: Ball
1-0: DOUBLE (Groundball, 3L, EV 100.6 MPH)
Isto Mäyrä scores
Cole Zelinski scores
Gabe White to third
Pitching: RHP Jose Saenz
Batting: RHB Ruben Velasco 0-0: Foul Ball, location: 2F
0-1: Swinging Strike
0-2: Ball
1-2: SINGLE (Line Drive, 4D, EV 100.0 MPH)
Gabe White scores
Zory Larikov to third
Runner from 3rd tries for Home, SAFE, throw by CF to home
Batting: RHB Kirk Arp 0-0: Ball
1-0: Ball
2-0: Foul Ball, location: 2F
2-1: Swinging Strike
2-2: Strikes out swinging
Top of the 4th over - 8 runs, 5 hits, 0 errors, 1 left on base; Toronto 8 - Boston 5
BOTTOM OF THE 4TH
Boston Red Sox batting - Pitching for Toronto Blue Jays : LHP Jon Valdovinos
Batting: LHB Kevin McCormic Jr. 0-0: Called Strike
0-1: Ball
1-1: DOUBLE (Line Drive, 89D, EV 105.0 MPH)
Batting: SHB Rich Chavez 0-0: Foul Ball, location: 2F
0-1: Swinging Strike
0-2: Strikes out swinging
Batting: LHB Ernesto Cedillos 0-0: Swinging Strike
0-1: Ball
1-1: Ball
2-1: DOUBLE (Flyball, 78D, EV 91.2 MPH)
Kevin McCormic Jr. scores
Pinch Hitting: RHB Scott Treider 0-0: Called Strike
0-1: Swinging Strike
0-2: Ground out 5-3 (Groundball, 56, EV 90.6 MPH)
Batting: RHB Nick Esteves 0-0: Ball
1-0: Foul Ball, location: 2F
1-1: Foul Ball, location: 2F
1-2: Ball
2-2: Ground out 2-3 (Groundball, 2L, EV 63.1 MPH)
Bottom of the 4th over - 1 run, 2 hits, 0 errors, 1 left on base; Toronto 8 - Boston 6
TOP OF THE 5TH
Toronto Blue Jays batting - Pitching for Boston Red Sox : RHP Jose Saenz
Now in LF: Scott Treider
Batting: RHB Shigem Kubo 0-0: Ball
1-0: SOLO HOME RUN (Flyball, 78XD, EV 109.4 MPH), Distance : 409 ft
Batting: RHB Adam Burke 0-0: Swinging Strike
0-1: DOUBLE (Line Drive, 78XD, EV 110.6 MPH)
Batting: LHB Isto Mäyrä 0-0: Foul Ball, location: 2F
0-1: Ball
1-1: Ground out 2-3 (Groundball, 2L, EV 66.2 MPH)
Adam Burke to third
Batting: RHB Cole Zelinski 0-0: Called Strike
0-1: Swinging Strike
0-2: Ball
1-2: Strikes out swinging
Batting: LHB Jon Schick 0-0: Called Strike
0-1: Ball
1-1: Foul Ball, location: 2F
1-2: Strikes out swinging
Top of the 5th over - 1 run, 2 hits, 0 errors, 1 left on base; Toronto 9 - Boston 6
BOTTOM OF THE 5TH
Boston Red Sox batting - Pitching for Toronto Blue Jays : LHP Jon Valdovinos
Pinch Hitting: SHB Mark Rennie 0-0: Called Strike
0-1: Ball
1-1: Foul Ball, location: 2F
1-2: Ball
2-2: Strikes out looking
Batting: RHB Won-jun Park 0-0: Ball
1-0: Called Strike
1-1: Foul Ball, location: 2F
1-2: Foul Ball, location: 2F
1-2: Foul Ball, location: 2F
1-2: Ball
2-2: Strikes out swinging
Batting: RHB Brandon Perris 0-0: Ground out 4-3 (Groundball, 4, EV 86.2 MPH)
Bottom of the 5th over - 0 runs, 0 hits, 0 errors, 0 left on base; Toronto 9 - Boston 6
TOP OF THE 6TH
Toronto Blue Jays batting - Pitching for Boston Red Sox : RHP Jose Saenz
Now at 2B: Chris Lane
Batting: LHB Gabe White 0-0: Ball
1-0: Bunt missed!
1-1: Foul Ball, location: 2F
1-2: Strikes out looking
Batting: SHB Zory Larikov 0-0: Called Strike
0-1: Called Strike
0-2: Ball
1-2: Fly out, F9 (Flyball, 9LM, EV 103.8 MPH)
Batting: RHB Ruben Velasco 0-0: Called Strike
0-1: Foul Ball, location: 2F
0-2: Strikes out swinging
Top of the 6th over - 0 runs, 0 hits, 0 errors, 0 left on base; Toronto 9 - Boston 6
BOTTOM OF THE 6TH
Boston Red Sox batting - Pitching for Toronto Blue Jays : LHP Jon Valdovinos
Batting: SHB Robbie Rogers 0-0: Called Strike
0-1: Ball
1-1: Swinging Strike
1-2: SOLO HOME RUN (Flyball, 78XD, EV 110.6 MPH), Distance : 416 ft
Batting: LHB Kevin McCormic Jr. 0-0: Ball
1-0: Ball
2-0: Called Strike
2-1: Called Strike
2-2: Fly out, F6 (Popup, 6S, EV 66.2 MPH)
Batting: SHB Rich Chavez 0-0: Foul Ball, location: 2F
0-1: Ball
1-1: Foul Ball, location: 2F
1-2: Ball
2-2: Foul Ball, location: 2F
2-2: DOUBLE (Line Drive, 89D, EV 101.2 MPH)
Pinch Hitting: RHB Bill Turnbull 0-0: Called Strike
0-1: Ball
1-1: Ball
2-1: Foul Ball, location: 2F
2-2: Strikes out swinging
Batting: RHB Scott Treider 0-0: SINGLE (Groundball, 56D, EV 95.6 MPH)
Rich Chavez to third
Runner from 3rd tries for Home, throw by LF and OUT! 7-2
Bottom of the 6th over - 1 run, 3 hits, 0 errors, 1 left on base; Toronto 9 - Boston 7
TOP OF THE 7TH
Toronto Blue Jays batting - Pitching for Boston Red Sox : RHP Jose Saenz
Pitching: RHP Danny Klomp
Now at 1B: Chris Lane
Now at 2B: Bill Turnbull
Batting: RHB Kirk Arp 0-0: Foul Ball, location: 2F
0-1: Ball
1-1: SOLO HOME RUN (Line Drive, 7D, EV 105.0 MPH), Distance : 431 ft
Batting: RHB Shigem Kubo 0-0: Ball
1-0: Called Strike
1-1: Ground out 6-3 (Groundball, 6, EV 82.5 MPH)
Batting: RHB Adam Burke 0-0: Foul Ball, location: 2F
0-1: Fly out, F8 (Flyball, 89XD, EV 93.8 MPH)
Batting: LHB Isto Mäyrä 0-0: Swinging Strike
0-1: Swinging Strike
0-2: Ball
1-2: Ball
2-2: Ball
3-2: Strikes out swinging
Top of the 7th over - 1 run, 1 hit, 0 errors, 0 left on base; Toronto 10 - Boston 7
BOTTOM OF THE 7TH
Boston Red Sox batting - Pitching for Toronto Blue Jays : LHP Jon Valdovinos
Pitching: RHP John Mathis
Batting: RHB Nick Esteves 0-0: Foul Ball, location: 2F
0-1: Fly out, F9 (Flyball, 9S, EV 88.8 MPH)
Batting: RHB Chris Lane 0-0: Called Strike
0-1: Foul Ball, location: 2F
0-2: Ball
1-2: Foul Ball, location: 2F
1-2: SOLO HOME RUN (Flyball, 7D, EV 103.1 MPH), Distance : 406 ft
Batting: RHB Won-jun Park 0-0: Called Strike
0-1: Ball
1-1: Foul Ball, location: 2F
1-2: Ball
2-2: Ball
3-2: Foul Ball, location: 2F
3-2: Strikes out swinging
Batting: RHB Brandon Perris 0-0: Ball
1-0: Ball
2-0: Called Strike
2-1: Ball
3-1: Fly out, F8 (Flyball, 78D, EV 106.9 MPH)
Bottom of the 7th over - 1 run, 1 hit, 0 errors, 0 left on base; Toronto 10 - Boston 8
TOP OF THE 8TH
Toronto Blue Jays batting - Pitching for Boston Red Sox : RHP Danny Klomp
Batting: RHB Cole Zelinski 0-0: SINGLE (Line Drive, 89S, EV 107.5 MPH)
Batting: LHB Jon Schick 0-0: Ball
Cole Zelinski is caught stealing 2nd base 2-6
1-0: Called Strike
1-1: Foul Ball, location: 2F
1-2: Ball
2-2: Foul Ball, location: 2F
2-2: Ball
3-2: Foul Ball, location: 2F
3-2: Base on Balls
Batting: LHB Gabe White 0-0: Foul Ball, location: 2F
0-1: Ball
1-1: SINGLE (Groundball, 34D, EV 106.2 MPH)
Jon Schick to second
Runner from 2nd tries for 3rd, SAFE, throw by RF made to third
Gabe White to second
Batting: SHB Zory Larikov 0-0: Ball
1-0: Ball
2-0: Swinging Strike
2-1: Ball
3-1: Called Strike
3-2: SINGLE (Line Drive, 34D, EV 95.6 MPH)
Jon Schick scores
Gabe White to third
Batting: RHB Ruben Velasco 0-0: Called Strike
0-1: Ball
1-1: Ball
2-1: Foul Ball, location: 2F
2-2: Foul Ball, location: 2F
2-2: Foul Ball, location: 2F
2-2: Foul Ball, location: 2F
2-2: Ground out 4-3 (Groundball, 4, EV 85.6 MPH)
Gabe White scores
Zory Larikov to second
Pitching: LHP Mike Nimmo
Batting: RHB Kirk Arp 0-0: Called Strike
0-1: Swinging Strike
0-2: Foul Ball, location: 2F
0-2: Ball
1-2: Ball
2-2: Strikes out swinging
Top of the 8th over - 2 runs, 3 hits, 0 errors, 1 left on base; Toronto 12 - Boston 8
BOTTOM OF THE 8TH
Boston Red Sox batting - Pitching for Toronto Blue Jays : RHP John Mathis
Pitching: RHP Chase Schlong
Batting: SHB Robbie Rogers 0-0: SINGLE (Groundball, 34D, EV 96.9 MPH)
Batting: LHB Kevin McCormic Jr. 0-0: Foul Ball, location: 2F
0-1: Ball
1-1: Ball
2-1: Foul Ball, location: 2F
2-2: Foul Ball, location: 2F
2-2: Fly out, F8 (Flyball, 8LD, EV 105.0 MPH)
Batting: SHB Rich Chavez 0-0: Ball
1-0: Ball
Passed Ball!
Robbie Rogers to second
2-0: Foul Ball, location: 2F
2-1: Swinging Strike
2-2: Strikes out looking
Batting: RHB Bill Turnbull 0-0: Ball
1-0: Ball
2-0: Ball
3-0: Called Strike
3-1: Base on Balls
Batting: RHB Scott Treider 0-0: Called Strike
0-1: Foul Ball, location: 2F
0-2: Fly out, F8 (Flyball, 8LXD, EV 88.1 MPH)
Bottom of the 8th over - 0 runs, 1 hit, 0 errors, 2 left on base; Toronto 12 - Boston 8
TOP OF THE 9TH
Toronto Blue Jays batting - Pitching for Boston Red Sox : LHP Mike Nimmo
Batting: RHB Shigem Kubo 0-0: Ball
1-0: Fly out, F9 (Flyball, 9LS, EV 93.1 MPH)
Batting: RHB Adam Burke 0-0: Ball
1-0: SINGLE (Groundball, 5S, EV 71.9 MPH) (infield hit)
Batting: LHB Isto Mäyrä 0-0: Ball
1-0: Ball
2-0: Ball
3-0: Called Strike
3-1: Swinging Strike
3-2: Foul Ball, location: 2F
3-2: 2-RUN HOME RUN (Flyball, 9D, EV 105.0 MPH), Distance : 405 ft
Batting: RHB Cole Zelinski 0-0: Ball
1-0: Ball
2-0: Foul Ball, location: 2F
2-1: SOLO HOME RUN (Line Drive, 78XD, EV 116.2 MPH), Distance : 465 ft
Batting: LHB Jon Schick 0-0: Swinging Strike
0-1: Ball
1-1: Swinging Strike
1-2: Foul Ball, location: 2F
1-2: Strikes out looking
Batting: LHB Gabe White 0-0: Ball
1-0: Called Strike
1-1: Foul Ball, location: 2F
1-2: Ball
2-2: DOUBLE (Flyball, 8RXD, EV 91.2 MPH)
Batting: SHB Zory Larikov 0-0: Foul Ball, location: 2F
0-1: Swinging Strike
0-2: Ground out 4-3 (Groundball, 4, EV 82.5 MPH)
Top of the 9th over - 3 runs, 4 hits, 0 errors, 1 left on base; Toronto 15 - Boston 8
BOTTOM OF THE 9TH
Boston Red Sox batting - Pitching for Toronto Blue Jays : RHP Chase Schlong
Batting: RHB Nick Esteves 0-0: SINGLE (Groundball, 56, EV 108.8 MPH) (infield hit)
Batting: RHB Chris Lane 0-0: Ball
1-0: Fly out, F3 (Popup, 34S, EV 81.9 MPH)
Batting: RHB Won-jun Park 0-0: Ground out 5-3 (Groundball, 56S, EV 76.2 MPH)
Nick Esteves to second
Batting: RHB Brandon Perris 0-0: Ball
1-0: Called Strike
1-1: Ball
2-1: Ball
3-1: Swinging Strike
3-2: Ground out U3 (Groundball, 34, EV 103.1 MPH)
Bottom of the 9th over - 0 runs, 1 hit, 0 errors, 1 left on base; Toronto 15 - Boston 8
Thursday, March 31st , 2022 - OOTP Baseball 22.12 Build 89